 Dungeon Crawl Stone Soup version 0.32-a0-705-g60f233581c (webtiles) character file.

Game seed: 11565747671829925938

279 BeKind the Chiller (level 6, -1/36 HPs)
             Began as an Octopode Ice Elementalist on Mar 14, 2024.
             Slain by an iguana (9 damage)
             ... on level 4 of the Dungeon.
             The game lasted 00:07:02 (3362 turns).

BeKind the Chiller (Octopode Ice Elementalist)      Turns: 3362, Time: 00:07:02

Health: -1/36      AC:  1    Str:  7    XL:     6   Next: 26%
Magic:  0/10       EV: 12    Int: 20    God:
Gold:   199        SH:  0    Dex: 12    Spells: 4/11 levels left

rFire   . . .        r - +0 arbalest
rCold   . . .        (shield currently unavailable)
rNeg    . . .        (helmet restricted)
rPois   .            o - amulet of guardian spirit
rElec   .            c - ring of resist corrosion
rCorr   +            i - ring of see invisible
SInv    +            (no ring)
Will    .....        (no ring)
Stlth   +++          (no ring)
HPRegen 0.26/turn    (no ring)
MPRegen 0.12/turn    (no ring)
                     (no ring)

%: guardian spirit
@: no status effects
A: almost no armour, amphibious, 8 rings, camouflage 1, gelatinous body 1,
(nimble swimmer 1), tentacles
a: no special abilities


You were on level 4 of the Dungeon.
You visited 1 branch of the dungeon, and saw 4 of its levels.

You collected 199 gold pieces.

Inventory:

Hand Weapons
 k - a +0 sling
 r - a +0 arbalest (weapon)
Jewellery
 c - a ring of resist corrosion (left tentacle)
 i - a ring of see invisible (right tentacle)
 o - an amulet of guardian spirit (around mantle)
Scrolls
 d - 2 scrolls of amnesia {unknown}
 g - 2 scrolls of revelation {unknown}
 h - 2 scrolls of teleportation {unknown}
 l - 4 scrolls of identify {unknown}
 m - a scroll of vulnerability {unknown}
 p - 2 scrolls of blinking {unknown}
 s - a scroll of noise {unknown}
Potions
 a - a potion of magic
 b - 2 potions of heal wounds {unknown}
 e - a potion of cancellation {unknown}
 f - a potion of ambrosia {unknown}
 j - 2 potions of resistance {unknown}
 n - a potion of curing {unknown}
 q - a potion of degeneration {unknown}


   Skills:
 + Level 1.9 Ranged Weapons
 - Level 3.1 Dodging
 - Level 3.0 Stealth
 - Level 3.0 Spellcasting
 + Level 2.8 Summonings
 - Level 5.0 Ice Magic


You had 4 spell levels left.
You knew the following spells:

 Your Spells              Type           Power      Damage    Failure   Level
a - Freeze                Ice            92%        1d9       1%          1
b - Frozen Ramparts       Ice            46%        1d7       5%          3
c - Summon Ice Beast      Ice/Summ       18%        N/A       9%          3

Your spell library contained the following spells:

 Spells                   Type           Power      Damage    Failure   Level
 Ozocubu's Armour         Ice            23%        N/A       5%          3
 Hailstorm                Conj/Ice       13%        3d6       16%         3
 Passwall                 Erth           3%         N/A       38%         3
 Volatile Blastmotes      Fire/Tloc      6%         2d10      38%         3
 Summon Mana Viper        Hex/Summ       8%         N/A       91%         5
 Bombard                  Conj/Erth      1%         9d1       100%        6
 Monstrous Menagerie      Summ           7%         N/A       100%        7


Dungeon Overview and Level Annotations

Branches:
Dungeon (4/15)
 Temple: D:4-7

Altars:
Dithmenos
Sif Muna


Innate Abilities, Weirdness & Mutations

You cannot wear most types of armour.
You are amphibious.
You can wear up to eight rings at the same time.
Your skin changes colour to match your surroundings (Stealth+).
Your rubbery body absorbs attacks. (AC +1, EV +1)
((You are camouflaged when in or above water. (Stealth+)))
You have tentacles for arms and can constrict up to eight enemies at once.


Message History

The iguana hisses menacingly.
The iguana bites you!
Casting: Frozen Ramparts (dangerous; 5% risk of failure)
Confirm with . or Enter, or press ? or * to list all spells.
Casting: Frozen Ramparts (dangerous; 5% risk of failure)
Press: ? - help, Dir - look around, f - activate The walls around you are covered in ice.
The wall freezes the iguana.
The iguana seems to slow down.
The iguana bites you.
Unknown command.
Casting: Frozen Ramparts (dangerous; 5% risk of failure)
Confirm with . or Enter, or press ? or * to list all spells.
Aiming: Freeze (safe; 1% risk of failure)
Press: ? - help, Shift-Dir - straight line, f - iguana
Aim: an iguana (lightly wounded, slow)
You freeze the iguana.
The iguana is moderately wounded.
The iguana seems to slow down.
The wall freezes the iguana but does no damage.
The iguana bites you.
Casting: Freeze (safe; 1% risk of failure)
Confirm with . or Enter, or press ? or * to list all spells.
You don't have enough magic to cast this spell.
Unknown command.
Casting: Freeze (safe; 1% risk of failure)
Confirm with . or Enter, or press ? or * to list all spells.
Okay, then.
Okay, then.
Okay, then.
You shoot a bolt. The bolt closely misses the iguana.
The wall freezes the iguana but does no damage.
The iguana bites you.
* * * LOW HITPOINT WARNING * * *
You shoot a bolt. The bolt closely misses the iguana.
The wall freezes the iguana but does no damage.
The iguana closely misses you.
You shoot a bolt. The bolt hits the iguana!
The iguana is severely wounded.
The frozen ramparts melt away.
The iguana bites you!
You die...

#.#..#.######
####......#
>.......### #####
####.#.~#### #...#
#...~.... ...
#..~≈#### ..)
####.~~#########.###
......≈........l...#
.#.#..≈##### #@#.#
.#.#.~~# #.#.#
.#.#.≈~# #.#.#######
# .#.#~≈.#
#.........##.#
...~≈~.#
###.......†..#
...#≈#.#
#######.########
.#.#.#.# #.........
.... ##########


You could see an iguana (slow).

Vanquished Creatures
  An ogre (D:4)
  A scorpion (D:4)
  4 adders
  3 dart slugs
  3 ribbon worms
  3 orcs
  7 endoplasms
  5 giant cockroaches
  10 goblins
  5 hobgoblins
  5 quokkas
  7 ball pythons
  6 bats
  5 frilled lizards
  8 kobolds
  5 rats
78 creatures vanquished.

Notes
Turn   | Place    | Note
-------+----------+-------------------------------------------
     0 | D:1      | BeKind the Octopode Ice Elementalist began the quest for
                  | the Orb.
     0 | D:1      | Reached XP level 1. HP: 11/11 MP: 3/3
   234 | D:1      | Reached XP level 2. HP: 11/17 MP: 3/5
   846 | D:2      | Reached XP level 3. HP: 16/21 MP: 4/6
   907 | D:1      | Learned a level 3 spell: Frozen Ramparts
  1318 | D:2      | Reached XP level 4. HP: 27/27 MP: 1/8
  1435 | D:2      | Learned a level 3 spell: Summon Ice Beast
  2508 | D:3      | Found a shimmering blue altar of Sif Muna.
  2510 | D:3      | Reached skill level 1 in Summonings
  2515 | D:3      | Reached XP level 5. HP: 31/31 MP: 9/9
  2943 | D:4      | Reached skill level 1 in Ranged Weapons
  3081 | D:4      | Found a shadowy altar of Dithmenos.
  3233 | D:4      | Noticed an ogre
  3244 | D:4      | Killed an ogre
  3245 | D:4      | Reached skill level 5 in Ice Magic
  3245 | D:4      | Reached XP level 6. HP: 36/36 MP: 1/10
  3362 | D:4      | Slain by an iguana

Illustrated notes

Levels and vault maps discovered:
D:1:      roderic_dead_forest, layout_loops_cross
D:2:      layout_basic, grunt_decor_mini_mirrors, minmay_fractal_squares_5
D:3:      layout_loops_ring, hellmonk_sif_muna_bookshelves, corexii_shack
D:4:      layout_loops_ring, marbit_many_paths, chequers_serial_rivers_small_a,
          dreamdust_mushroom_princess

Skill      XL: |  1  2  3  4  5 |
---------------+----------------+-----
Stealth        | 3 |  3.0
Dodging        | 3 |  3.1
Summonings     | 1 2 |  2.8
Ranged Weapons | 1 |  1.9
Spellcasting   | 3 |  3.0
Ice Magic      | 5 |  5.0

Action                     |  1- 3 |  4- 6 || total
---------------------------+-------+-------++-------
  Melee: Unarmed           |    26 |       ||    26
         Tentacles         |     6 |       ||     6
         Constrict         |     7 |       ||     7
   Fire: Sling             |       |    39 ||    39
         Arbalest          |       |    51 ||    51
   Cast: Freeze            |    50 |    20 ||    70
         Frozen Ramparts   |     2 |     4 ||     6
         Summon Ice Beast  |       |     1 ||     1
   Stab: Sleeping          |     2 |       ||     2
         Distracted        |     1 |       ||     1
 Armour: Skin              |    31 |    26 ||    57
  Dodge: Dodged            |    45 |    27 ||    72

Table legend: (Time is in decaauts)
 A = Elapsed time spent in this place.
 B = Non-inter-level travel time spent in this place.
 C = Inter-level travel time spent in this place.
 D = Time resting spent in this place.
 E = Time spent auto-exploring this place.
 F = Levels seen in this place.
 G = Mean time per level.
                   A        B        C        D        E       F      G
               +--------+--------+--------+--------+--------+-----+--------+
         Total |   3419 |   3344 |     75 |     21 |   2734 |   4 |  854.8 |
       Dungeon |   3419 |   3344 |     75 |     21 |   2734 |   4 |  854.8 |
               +--------+--------+--------+--------+--------+-----+--------+

Top non-repeatable levels by time:
     D:2: 1044 daAuts
     D:3: 892 daAuts
     D:1: 837 daAuts
     D:4: 645 daAuts
